AoeStats
← Suteu

Arena

508480439Analyzed
4v4 RM · 10d ago on Sep 22, 2026· 60m 37s· 8 players
Game mode
Random Map
Map size
Large (8 player)
Population
200
Speed
Normal
Resources
Standard
Victory
Conquest
Starting age
Dark Age
Ending age
Imperial Age
RankedLock teamsTeams togetherTeam positionsShared explorationLock speedFull tech treeHidden civsTurbo modeCheats
Victory
Defeat
🇩🇪 Bengalis · Germany
1164
+14
🇷🇴 Varangians · Romania
1144
+15
🇩🇪 Saxons · Germany
1140
+15
🇷🇺 Danes · Russia
1129
+16
🇹🇷 Malay · Türkiye
1167
-16
🇭🇷 Slavs · Croatia
1128
-15
🇷🇴 Celts · Romania
1121
-15
🇺🇸 Byzantines · United States
1087
-14
Dany Sahne
10:54 Feudal Age
12:21 Loom
15:25 Castle Age
13:45 Double-Bit Axe
14:53 Arson
20:36 Forging
21:13 Squires
26:39 Wheelbarrow
28:56 Iron Casting
28:16 Town Watch
29:11 Hand Cart
30:18 Scale Mail Armor
34:57 Imperial Age
34:20 Chain Mail Armor
35:16 Elite Varangian Guard
36:51 Plate Mail Armor
39:14 Town Patrol
39:14 Pikeman
39:17 Man-at-Arms
40:29 Gambesons
40:57 Capped Ram
41:47 Heavy Scorpion
41:49 Siege Ram
42:12 Long Swordsman
44:26 Conscription
43:29 Shield Wall
45:26 Siege Engineers
46:45 Two-Handed Swordsman
52:18 Caravan
53:25 Bow Saw
52:55 Horse Collar
53:48 Cranequins
54:36 Fletching
55:58 Chemistry
55:10 Heavy Mounted Crossbowman
57:47 Padded Archer Armor
57:53 Scale Barding Armor
58:14 Ballistics
Suteu
4:23 Loom
11:02 Feudal Age
11:41 Double-Bit Axe
12:42 Horse Collar
16:26 Gold Mining
18:41 Castle Age
17:23 Stone Mining
17:51 Forging
18:38 Gold Mining
19:08 Scale Barding Armor
22:14 Fletching
24:19 Wheelbarrow
24:20 Heavy Plow
24:56 Bloodlines
25:49 Town Watch
27:30 Iron Casting
32:16 Imperial Age
31:08 Chain Barding Armor
32:21 Hand Cart
33:48 Conscription
34:24 Stone Shaft Mining
36:12 Husbandry
37:57 Plate Barding Armor
37:11 Light Cavalry
38:30 Conscription
40:39 Blast Furnace
39:31 Hussar
42:32 Caravan
44:24 Elite Jarl
45:16 Scale Mail Armor
46:24 Crop Rotation
46:20 Cavalier
53:48 Chemistry
55:35 Ballistics
macpinetree
11:04 Feudal Age
12:20 Double-Bit Axe
14:45 Castle Age
12:42 Horse Collar
20:57 Bow Saw
21:36 Heavy Plow
22:08 Gold Mining
23:03 Wheelbarrow
23:44 Stone Mining
24:47 Sanctity
26:29 Loom
26:34 Town Watch
26:52 Padded Archer Armor
26:42 Fletching
30:01 Imperial Age
27:50 Hand Cart
28:22 Leather Archer Armor
28:03 Bodkin Arrow
28:42 Ballistics
29:54 Scale Barding Armor
30:25 Bloodlines
30:15 Husbandry
30:41 Forging
30:44 Masonry
30:30 Murder Holes
31:50 Chemistry
31:03 Masonry
30:59 Bracer
31:30 Ring Archer Armor
31:19 Light Cavalry
32:02 Scale Mail Armor
32:24 Chain Barding Armor
32:40 Iron Casting
32:38 Conscription
33:24 Paiks
33:09 Elite Skirmisher
33:12 Elite Elephant Archer
35:06 Paiks
36:16 Mahayana
36:17 Elite Battle Elephant
38:56 Plate Barding Armor
39:22 Blast Furnace
41:05 Siege Engineers
41:31 Architecture
41:30 Elite Skirmisher
47:55 Scale Mail Armor
47:54 Murder Holes
52:45 Caravan
52:45 Crossbowman
53:29 Arbalester
55:02 Guilds
55:24 Coinage
Puzotron
5:26 Loom
10:29 Feudal Age
13:43 Double-Bit Axe
13:45 Horse Collar
17:55 Castle Age
17:16 Arson
19:16 Squires
31:07 Imperial Age
30:28 Scale Mail Armor
30:38 Forging
31:20 Elite Jomsviking
33:30 Wheelbarrow
33:34 Chain Mail Armor
36:13 Plate Mail Armor
36:19 Iron Casting
36:02 Hamask
37:03 Conscription
37:35 Bow Saw
39:43 Blast Furnace
38:50 Heavy Plow
40:27 Siege Engineers
42:09 Fletching
42:42 Ballistics
43:23 Chemistry
44:37 Bodkin Arrow
45:19 Bracer
48:07 Masonry
47:52 Murder Holes
50:20 Hoardings
59:40 Padded Archer Armor
60:57 Thumb Ring
Lupu` Dacic
11:41 Feudal Age
16:34 Castle Age
14:28 Stone Mining
14:28 Horse Collar
14:51 Double-Bit Axe
18:03 Heavy Plow
18:31 Bow Saw
18:15 Gold Mining
18:56 Fletching
19:56 Bodkin Arrow
23:45 Wheelbarrow
22:57 Town Watch
25:01 Gold Shaft Mining
29:59 Imperial Age
27:18 Loom
28:35 Hand Cart
30:13 Heavy Scorpion
33:48 Furor Celtica
34:47 Conscription
35:37 Elite Skirmisher
37:00 Ballistics
38:41 Chemistry
38:27 Heavy Mounted Crossbowman
39:42 Padded Archer Armor
40:47 Capped Ram
42:46 Siege Ram
52:50 Scale Mail Armor
52:52 Pikeman
55:36 Leather Archer Armor
smyracula
10:30 Feudal Age
15:46 Castle Age
14:37 Double-Bit Axe
14:34 Horse Collar
25:22 Heavy Plow
28:01 Wheelbarrow
27:43 Stone Mining
27:46 Gold Mining
28:06 Loom
29:39 Forging
32:46 Imperial Age
29:50 Elite Skirmisher
31:15 Iron Casting
30:47 Scale Barding Armor
32:04 Ballistics
31:36 Fletching
33:33 Gold Shaft Mining
33:08 Bodkin Arrow
34:27 Blast Furnace
34:08 Bracer
35:32 Padded Archer Armor
36:57 Chemistry
36:54 Elite Battle Elephant
39:48 Leather Archer Armor
40:40 Conscription
44:04 Bow Saw
44:20 Forced Levy
47:24 Man-at-Arms
50:28 Long Swordsman
51:41 Ring Archer Armor
51:06 Two-Handed Swordsman
54:20 Crossbowman
55:06 Thumb Ring
56:32 Pikeman
57:13 Squires
57:00 Arson
thelight00001
11:21 Feudal Age
15:05 Castle Age
13:30 Double-Bit Axe
13:40 Horse Collar
21:54 Loom
23:27 Bow Saw
24:27 Wheelbarrow
23:47 Gold Mining
24:45 Stone Mining
25:54 Gold Shaft Mining
26:06 Stone Shaft Mining
26:13 Hand Cart
30:23 Imperial Age
27:58 Heavy Plow
28:12 Scale Barding Armor
28:25 Forging
28:40 Fortified Wall
28:11 Treadmill Crane
32:18 Chain Barding Armor
32:34 Iron Casting
33:03 Cavalier
34:28 Husbandry
36:13 Murder Holes
37:17 Paladin
41:58 Plate Barding Armor
42:22 Fletching
47:57 Fletching
52:02 Chemistry
51:26 Ballistics
52:22 Bodkin Arrow
56:17 Bombard Tower
ZSalsero
10:15 Feudal Age
14:05 Castle Age
16:12 Loom
18:37 Double-Bit Axe
23:53 Stone Mining
25:31 Husbandry
26:19 Gold Mining
26:42 Bow Saw
27:16 Wheelbarrow
27:33 Town Watch
28:03 Bloodlines
28:26 Scale Barding Armor
29:29 Sanctity
29:05 Herbal Medicine
32:39 Imperial Age
30:15 Crossbowman
33:08 Hand Cart
33:14 Chain Barding Armor
33:05 Forging
36:32 Detinets
36:28 Horse Collar
36:40 Fletching
36:50 Padded Archer Armor
38:09 Gold Shaft Mining
37:44 Druzhina
37:58 Scale Mail Armor
38:34 Iron Casting
37:57 Man-at-Arms
38:38 Squires
39:08 Long Swordsman
39:19 Long Swordsman
40:26 Chain Mail Armor
41:12 Blast Furnace
40:28 Two-Handed Swordsman
42:16 Plate Mail Armor
42:16 Conscription
42:32 Hoardings
42:07 Champion
43:28 Capped Ram
43:44 Onager
Connection lost

Rejoining the realm…

Still unreachable

The connection could not be restored.

Session expired

The server has moved on; the page needs a fresh start.